Cogmind - Beta 14 @@@ ROGUE MODE // 2025.01.14 @ 23:18:39 Player: Mathewnd Result: Destroyed self with Long-range Missile Launcher Performance ------------- Evolutions (5) 2500 Regions Visited (14) 2800 Robots Destroyed (107) 535 Value Destroyed (3006) 3006 Prototype IDs (23) 460 Alien Tech Used (0) 0 Bonus (3027) 3027 TOTAL SCORE: 12328 Bonus ------- High Alert Combat Kills 133 Follower Combat Kills 1614 Met Data Miner 300 Built Enhanced Grunts 300 A7 Reached Mainframe 300 Met R17 at Cetus 500 Friendly Fire -120 Cogmind --------- Core Integrity 0/1000 Matter 189/300 Energy 96/100 System Corruption 4% Temperature Cool (0) Movement Core (200) Ox3 Location -5/Hub_04(d) Parts ------- > --- POWER (2) -------- (None) > --- PROPULSION (6) --- (None) > --- UTILITY (7) ------ Medium Storage Unit Advanced Signal Interpreter Improved Hacking Suite Improved Hacking Suite Improved System Shield Improved System Shield > --- WEAPON (2) ------- (None) > --- INVENTORY (10) --- Neutrino Core Microactuators ECM Suite Improved Hacking Suite Advanced Hacking Suite Improved System Shield Improved System Shield Spear Spear Peak State ------------ > --- POWER ------------ Fission Core Neutrino Core > --- PROPULSION ------- Improved VTOL Module Improved VTOL Module Improved VTOL Module Biomechanical Wings Field Propulsion Drive Cooled Nuclear Pulse Thruster > --- UTILITY ---------- Advanced Heat Sink Medium Storage Unit Advanced Signal Interpreter Hacking Suite Improved Hacking Suite System Shield Improved System Shield > --- WEAPON ----------- Spear > --- INVENTORY -------- Neutrino Core Microactuators ECM Suite Improved Thermal Defense Suite System Shield Improved Grenade Launcher Long-range Missile Launcher Spear [Rating: 76] Favorites ----------- Power Ion Engine Engine Ion Engine Power Core Micro Nuclear Core Propulsion Improved VTOL Module Treads Light Treads Leg Flexi-carbon Leg Wheel Wheel Hover Unit Gravmag System Flight Unit Improved VTOL Module Utility Hacking Suite Device Advanced Heat Sink Storage Medium Storage Unit Processor Advanced Signal Interpreter Hackware Hacking Suite Protection Light Armor Plating Weapon Spear Ballistic Gun Shotgun Launcher Long-range Missile Launcher Piercing Weapon Spear Build | -11 -10 -9 -8 -7 -7 -7 -7 -6 -6 -5 -5 -5 -5 -5 ------- Run | Yrd Mat Mat Mat Fac Low Low Dat Pro Fac Fac Ext Cet Arc Hub Slots Evolved 10 | . . 2 2 2 . . . . 2 2 . . . . Power 1 | . . . . . . . . . 1 . . . . . Propulsion 4 | . . 1 1 1 . . . . 1 . . . . . Utility 5 | . . 1 1 1 . . . . . 2 . . . . Weapon . | . . . . . . . . . . . . . . . Parts Attached 115 | 7 3 13 16 27 . . . . 7 6 20 . 13 3 Power 16 | 2 . 1 . 2 . . . . 1 . 7 . 3 . Engine 8 | 2 . 1 . 1 . . . . 1 . 2 . 1 . Core 8 | . . . . 1 . . . . . . 5 . 2 . Reactor . | . . . . . . . . . . . . . . . Propulsion 44 | 2 . 10 3 15 . . . . 2 2 5 . 4 1 Treads 13 | 2 . 8 3 . . . . . . . . . . . Leg 1 | . . . . . . . . . . . 1 . . . Wheel 1 | . . 1 . . . . . . . . . . . . Hover 6 | . . . . . . . . . . . 1 . 4 1 Flight 23 | . . 1 . 15 . . . . 2 2 3 . . . Utility 27 | 1 1 2 2 5 . . . . 3 4 3 . 6 . Device 8 | . . . . 2 . . . . 1 2 2 . 1 . Storage 4 | 1 1 1 . 1 . . . . . . . . . . Processor 2 | . . . . 1 . . . . . 1 . . . . Hackware 11 | . . . 1 1 . . . . 2 1 1 . 5 . Protection 2 | . . 1 1 . . . . . . . . . . . Artifact . | . . . . . . . . . . . . . . . Weapon 28 | 2 2 . 11 5 . . . . 1 . 5 . . 2 Energy Gun . | . . . . . . . . . . . . . . . Energy Cannon . | . . . . . . . . . . . . . . . Ballistic Gun 11 | 2 2 . 7 . . . . . . . . . . . Ballistic Cannon . | . . . . . . . . . . . . . . . Launcher 12 | . . . 4 2 . . . . 1 . 3 . . 2 Special Weapon . | . . . . . . . . . . . . . . . Impact Weapon . | . . . . . . . . . . . . . . . Slashing Weapon . | . . . . . . . . . . . . . . . Piercing Weapon 5 | . . . . 3 . . . . . . 2 . . . Special Melee Weapon . | . . . . . . . . . . . . . . . Unidentified Prototypes 6 | . . 1 1 2 . . . . 1 1 . . . . Parts Lost 37 | . . 2 4 1 . . . . 1 3 15 . 1 10 Power 8 | . . 1 1 . . . . . . 1 4 . . 1 Propulsion 20 | . . 1 1 1 . . . . . 2 8 . 1 6 Utility 7 | . . . 2 . . . . . 1 . 3 . . 1 Weapon 2 | . . . . . . . . . . . . . . 2 Highest Loss Streak 10 | . . 1 3 1 . . . . 1 2 3 . 1 10 To Critical Strikes . | . . . . . . . . . . . . . . . Average Slot Usage (%) 78 | . 85 80 78 91 92 92 92 92 92 91 70 52 68 82 Engine 4 | . 14 7 7 . . . . . 6 5 1 . 1 4 Core 2 | . . . . 6 7 7 7 7 6 4 1 . 2 . Treads 10 | . 28 28 33 . . . . . . . . . . . Hover 3 | . . . . . . . . . . . 1 5 17 29 Flight 13 | . . . . 37 38 38 38 38 40 33 19 . . . Device 2 | . . . . 6 7 7 7 7 5 5 3 . 1 5 Storage 7 | . 14 11 9 7 7 7 7 7 6 5 5 5 5 5 Processor 3 | . . . . 6 7 7 7 7 5 5 5 5 5 5 Hackware 13 | . . . 1 14 15 15 15 15 13 22 22 23 26 23 Protection 2 | . . 8 8 . . . . . . . . . . . Ballistic Gun 7 | . 28 22 17 . . . . . . . . . . . Piercing Weapon 3 | . . . . 6 7 7 7 7 6 5 4 5 5 4 Peak Build Rating 76 | 6 10 15 22 49 48 48 48 48 65 71 76 36 59 61 Average Rating 36 | 4 7 11 17 39 48 48 48 48 56 67 53 36 50 58 On Entrance 36 | . 6 10 15 17 48 48 48 48 48 61 62 36 36 59 Naked Turns . | . . . . . . . . . . . . . . . Heaviest Build 61 | 13 51 54 61 22 19 19 19 19 24 24 32 12 36 22 Greatest Support 89 | 40 40 69 89 29 29 29 29 29 34 34 34 20 42 49 Greatest Overweight (x) 5 | . 1 5 . 1 . . . . . . 3 . 1 . Average Overweight (x) . | . . . . . . . . . . . . . . . Largest Inventory Capacity 20 | 8 20 20 20 20 10 10 10 10 10 10 10 10 10 10 Average Capacity 13 | 7 19 20 20 10 10 10 10 10 10 10 10 10 10 10 Most Carried 20 | 6 18 20 20 20 10 10 10 10 10 8 10 10 10 10 Average Carried 12 | 4 11 19 19 9 10 10 10 10 9 6 9 10 9 9 Final Capacity 20 | 8 20 20 20 10 10 10 10 10 10 10 10 10 10 10 Final Carried 20 | 6 18 20 20 10 10 10 10 10 9 8 10 10 10 9 Class Distribution -------------------- 32% | Mutant 28% | Hacker-Sprinter 10% | Commander-Mutant 9% | Hacker-Mutant 8% | Scavenger-Sprinter 6% | Scavenger-Mutant 4% | Wizard-Mutant Dominant Class ---------------- Mutant | -10/Materials Mutant | -9/Materials Mutant | -8/Materials Hacker-Sprinter | -7/Factory Hacker-Sprinter | -7/Lower Caves Hacker-Sprinter | -7/Lower Caves Hacker-Sprinter | -7/Data Miner Hacker-Sprinter | -6/Proximity Caves Scavenger-Sprinter | -6/Factory Hacker-Sprinter | -5/Factory Hacker-Sprinter | -5/Extension Commander-Mutant | -5/Cetus Wizard-Mutant | -5/Archives Hacker-Mutant | -5/Hub_04(d) Resources | -11 -10 -9 -8 -7 -7 -7 -7 -6 -6 -5 -5 -5 -5 -5 ----------- Run | Yrd Mat Mat Mat Fac Low Low Dat Pro Fac Fac Ext Cet Arc Hub Matter Collected 2365 | 210 142 376 505 463 85 35 . 5 . 86 216 112 130 . Remotely . | . . . . . . . . . . . . . . . Salvage Created 3701 | . 225 500 979 600 . . . . 28 86 899 . 269 115 Parts 233 | . 16 30 68 31 . . . . 2 7 48 . 28 3 Haulers Intercepted 8 | . . 3 2 2 . . . . . . 1 . . . Recyclers Shooed 2 | . . . 1 1 . . . . . . . . . . Parts Field Recycled . | . . . . . . . . . . . . . . . Retrieved Matter . | . . . . . . . . . . . . . . . Parts Self-Destructed 1 | . . . . . 1 . . . . . . . . . Prevented 6 | . . . . . 1 . . 5 . . . . . . Kills | -11 -10 -9 -8 -7 -7 -7 -7 -6 -6 -5 -5 -5 -5 -5 ------- Run | Yrd Mat Mat Mat Fac Low Low Dat Pro Fac Fac Ext Cet Arc Hub Combat Hostiles Destroyed 62 | . 7 11 20 8 . . . . . 1 12 . . 3 Melee 10 | . . . . . . . . . . 1 8 . . 1 Guns 27 | . 5 11 11 . . . . . . . . . . . AOE 25 | . 2 . 9 8 . . . . . . 4 . . 2 Classes Destroyed 14 | . 3 4 5 . . . . . . 1 1 . . . Worker 1 | . . 1 . . . . . . . . . . . . Builder 2 | . . . 1 1 . . . . . . . . . . Tunneler 3 | . . . 2 1 . . . . . . . . . . Hauler 8 | . . 3 2 2 . . . . . . 1 . . . Recycler 6 | . . . 1 4 . . . . . . 1 . . . Operator 12 | . . . 2 1 . . . . . 1 . . 8 . Watcher 13 | . 1 3 2 3 . . . . 1 . 2 . . 1 Swarmer 27 | . 2 6 7 8 . . . . . . 4 . . . Grunt 19 | . 5 2 9 . . . . . . . 2 . . 1 Brawler 1 | . . 1 . . . . . . . . . . . . Sentry 9 | . . 2 3 . . . . . . . 4 . . . Hunter 1 | . . . 1 . . . . . . . . . . . Programmer 4 | . . . . . . . . . . 1 1 . . 2 Butcher 1 | . . . . . . . . . . . 1 . . . Best Kill Streak 6 | . 4 5 5 6 . . . . 1 1 5 . 2 2 Combat Bots Only 4 | . 3 3 4 4 . . . . . 1 4 . . 2 Max Kills in Single Turn 4 | . 2 2 4 3 . . . . 1 1 2 . 1 1 Gunslinging 1 | . . 1 . . . . . . . . . . . . Exploded 4 | . 2 . 4 2 . . . . . . 2 . . 1 Melee 1 | . . . . . . . . . . 1 1 . . 1 Uniques/NPCs Destroyed . | . . . . . . . . . . . . . . . Combat | -11 -10 -9 -8 -7 -7 -7 -7 -6 -6 -5 -5 -5 -5 -5 -------- Run | Yrd Mat Mat Mat Fac Low Low Dat Pro Fac Fac Ext Cet Arc Hub Hostile Shots Fired 384 | . 39 39 87 23 . . . 9 12 42 88 . 3 42 Missed 134 | . 8 11 23 11 . . . 7 7 23 30 . 1 13 Damage Taken 4580 | . 355 320 951 191 . . . 17 51 316 1505 29 147 698 Core 1214 | . 33 41 74 61 . . . . . 39 674 14 59 219 Absorbed by Shields 36 | . . . . . . . . . . 9 . 27 . . Regen/Repaired (Parts) 20 | . . . . . . . . . 20 . . . . . Core Remaining (%) 92 | 100 86 89 86 . . . . 91 100 . . . . . Volleys Fired 155 | . 26 30 74 11 . . . . . . 8 . . 6 Largest 2 | . 2 2 2 1 . . . . . . 1 . . 2 Hottest 79 | . 40 46 46 33 . . . . . . 43 . . 79 Shots Fired 280 | . 52 60 141 11 . . . . . . 8 . . 8 Gun 246 | . 52 60 134 . . . . . . . . . . . Cannon . | . . . . . . . . . . . . . . . Launcher 34 | . . . 7 11 . . . . . . 8 . . 8 Special . | . . . . . . . . . . . . . . . Kinetic 246 | . 52 60 134 . . . . . . . . . . . Thermal . | . . . . . . . . . . . . . . . Explosive 34 | . . . 7 11 . . . . . . 8 . . 8 Electromagnetic . | . . . . . . . . . . . . . . . Robot Hit Streak 15 | . 13 6 15 2 . . . . . . . . . 5 Robot Miss Streak 8 | . 2 8 4 1 . . . . . . 1 . . 2 Penetration Max . | . . . . . . . . . . . . . . . Secondary Targets 3 | . . 3 . . . . . . . . . . . . Max Gunslinging Chain 1 | . . 1 . . . . . . . . . . . . Shots Hit Robots 288 | . 39 44 94 16 . . . . 1 5 47 . 25 17 Core Hits 177 | . 15 29 55 29 . . . . 1 3 29 . 11 5 Critical Kills . | . . . . . . . . . . . . . . . Critical Parts Destroyed 1 | . . 1 . . . . . . . . . . . . Critical Strikes 9 | . . 1 . . . . . . . . 4 . 2 2 Destroy 1 | . . 1 . . . . . . . . . . . . Impale 8 | . . . . . . . . . . . 4 . 2 2 Melee Attacks 164 | . . . . 34 . . . . 13 8 62 . 28 19 Impact . | . . . . . . . . . . . . . . . Slashing . | . . . . . . . . . . . . . . . Piercing 164 | . . . . 34 . . . . 13 8 62 . 28 19 Sneak Attacks 25 | . . . . 6 . . . . . . 4 . 15 . Combat Hostiles 1 | . . . . . . . . . . . 1 . . . Follow-up Attacks . | . . . . . . . . . . . . . . . Damage Inflicted 9331 | . 539 621 2140 1519 . . . . 39 205 2206 . 1235 827 Guns 2479 | . 394 616 1469 . . . . . . . . . . . Cannons . | . . . . . . . . . . . . . . . Explosions 2586 | . 145 . 671 731 . . . . . . 580 . . 459 Melee 4261 | . . . . 788 . . . . 39 205 1626 . 1235 368 Ramming 5 | . . 5 . . . . . . . . . . . . Kinetic 2479 | . 394 616 1469 . . . . . . . . . . . Thermal 75 | . . . 75 . . . . . . . . . . . Explosive 2511 | . 145 . 596 731 . . . . . . 580 . . 459 Electromagnetic . | . . . . . . . . . . . . . . . Impact . | . . . . . . . . . . . . . . . Slashing . | . . . . . . . . . . . . . . . Piercing 4261 | . . . . 788 . . . . 39 205 1626 . 1235 368 Highest Corruption 5 | . . . . 5 5 5 5 5 . . . . . 4 Average Corruption 4 | . . . . 5 5 5 5 5 . . . . . 2 Corruption Purged . | . . . . . . . . . . . . . . . Corruption Blocked . | . . . . . . . . . . . . . . . Effects 14 | . . . . 7 3 1 1 2 . . . . . . Message Errors 2 | . . . . 1 1 . . . . . . . . . Matter Fused 4 | . . . . 2 1 . . 1 . . . . . . Heat Flow Errors 2 | . . . . . 1 . . 1 . . . . . . Energy Discharges 1 | . . . . . . 1 . . . . . . . . Parts Fused 1 | . . . . 1 . . . . . . . . . . Data Loss (minor) 3 | . . . . 2 . . 1 . . . . . . . Data Loss (major) 1 | . . . . 1 . . . . . . . . . . Overload Shots . | . . . . . . . . . . . . . . . Overflow Damage 630 | . . . 30 102 . . . . . 21 117 . 187 173 Projectiles . | . . . . . . . . . . . . . . . Explosions 189 | . . . 30 29 . . . . . . 73 . . 57 Melee 441 | . . . . 73 . . . . . 21 44 . 187 116 Knockbacks . | . . . . . . . . . . . . . . . Impact . | . . . . . . . . . . . . . . . Kinetic . | . . . . . . . . . . . . . . . Secondary . | . . . . . . . . . . . . . . . Self-Inflicted Damage 271 | . . . 49 . . . . . . . 105 . . 117 Shots 10 | . . . 2 . . . . . . . 2 . . 6 Rammed 1 | . . 1 . . . . . . . . . . . . Targets Rammed 2 | . . 2 . . . . . . . . . . . . Kicked . | . . . . . . . . . . . . . . . Crushed 1 | . . 1 . . . . . . . . . . . . Highest Temperature 304 | . 18 1 41 4 205 . . 222 304 . . . . . Average Temperature 76 | . 8 1 6 2 193 . . 197 119 . . . . . Received Heat Transfer 1014 | . 141 75 459 . . . . 6 12 36 246 . 12 27 Siege Activations . | . . . . . . . . . . . . . . . Robots Corrupted . | . . . . . . . . . . . . . . . Combat Hostiles . | . . . . . . . . . . . . . . . Parts Fried . | . . . . . . . . . . . . . . . Impact Corruptions . | . . . . . . . . . . . . . . . Robots Melted . | . . . . . . . . . . . . . . . Combat Hostiles . | . . . . . . . . . . . . . . . Parts Melted . | . . . . . . . . . . . . . . . Heat Transferred 50 | . . . 50 . . . . . . . . . . . Parts Sabotaged . | . . . . . . . . . . . . . . . Parts Stolen . | . . . . . . . . . . . . . . . Parts Stripped . | . . . . . . . . . . . . . . . Power Chain Reactions . | . . . . . . . . . . . . . . . Alert | -11 -10 -9 -8 -7 -7 -7 -7 -6 -6 -5 -5 -5 -5 -5 ------- Run | Yrd Mat Mat Mat Fac Low Low Dat Pro Fac Fac Ext Cet Arc Hub Peak Influence 683 | . 265 284 595 613 . . . . 157 406 683 646 419 128 Initial 332 | . . 27 100 221 . . . . 9 9 198 332 258 81 Average 277 | . 139 174 380 434 . . . . 69 143 308 486 356 60 Maximum Alert Level 2 | . 1 1 2 2 . . . . . 2 2 2 2 . Low Security (%) 36 | 100 60 43 13 . . . . . 100 64 36 . . 100 Level 1 32 | . 39 56 21 33 . . . . . 32 31 12 85 . Level 2 31 | . . . 65 66 . . . . . 2 31 87 14 . Level 3 . | . . . . . . . . . . . . . . . Level 4 . | . . . . . . . . . . . . . . . Level 5 . | . . . . . . . . . . . . . . . High Security . | . . . . . . . . . . . . . . . Max Security . | . . . . . . . . . . . . . . . Squads Dispatched 21 | . 1 1 6 5 . . . . 4 1 1 . . 2 Investigation 5 | . . . . 2 . . . . 3 . . . . . Extermination 2 | . . . . 1 . . . . . . . . . 1 Reinforcement 11 | . 1 1 3 2 . . . . 1 1 1 . . 1 Assault . | . . . . . . . . . . . . . . . Garrison 3 | . . . 3 . . . . . . . . . . . Intercept . | . . . . . . . . . . . . . . . Searches Triggered . | . . . . . . . . . . . . . . . Construction Impeded 1 | . . . 1 . . . . . . . . . . . Haulers Reinforced 1 | . . . . 1 . . . . . . . . . . Active Scanning Responses . | . . . . . . . . . . . . . . . Cargo Convoy Interrupts . | . . . . . . . . . . . . . . . Stealth | -11 -10 -9 -8 -7 -7 -7 -7 -6 -6 -5 -5 -5 -5 -5 --------- Run | Yrd Mat Mat Mat Fac Low Low Dat Pro Fac Fac Ext Cet Arc Hub Distress Signals 19 | . 1 1 4 4 . . . . . 1 3 3 . 2 Communications Jammed . | . . . . . . . . . . . . . . . Distress Signals . | . . . . . . . . . . . . . . . Times Spotted 173 | . 12 17 29 18 . . . 4 4 28 30 10 15 6 Peak Tracking Total 13 | . 4 5 6 6 . . . 3 3 13 5 5 1 3 Tactical Retreats 20 | . . 3 2 2 . . . 1 3 7 1 . . 1 Traps | -11 -10 -9 -8 -7 -7 -7 -7 -6 -6 -5 -5 -5 -5 -5 ------- Run | Yrd Mat Mat Mat Fac Low Low Dat Pro Fac Fac Ext Cet Arc Hub Traps Triggered 3 | . . . . . . . . . . 1 2 . . . Indirectly . | . . . . . . . . . . . . . . . Trap Hack Attempts . | . . . . . . . . . . . . . . . Triggered . | . . . . . . . . . . . . . . . Disarmed . | . . . . . . . . . . . . . . . Reprogrammed . | . . . . . . . . . . . . . . . Reused . | . . . . . . . . . . . . . . . Traps Extracted . | . . . . . . . . . . . . . . . Installed . | . . . . . . . . . . . . . . . Triggered 2 | . . . . . 1 . . 1 . . . . . . Machines | -11 -10 -9 -8 -7 -7 -7 -7 -6 -6 -5 -5 -5 -5 -5 ---------- Run | Yrd Mat Mat Mat Fac Low Low Dat Pro Fac Fac Ext Cet Arc Hub Machines Disabled 11 | . 2 . 2 1 . . . . . . 4 . 2 . Max in Single Turn 2 | . 2 . 1 1 . . . . . . 2 . . . Garrison Access 1 | . . . . 1 . . . . . . . . . . Machines Repaired . | . . . . . . . . . . . . . . . Machines Dismantled . | . . . . . . . . . . . . . . . Machines Sabotaged . | . . . . . . . . . . . . . . . Overloaded Fab Kills . | . . . . . . . . . . . . . . . Hacking | -11 -10 -9 -8 -7 -7 -7 -7 -6 -6 -5 -5 -5 -5 -5 --------- Run | Yrd Mat Mat Mat Fac Low Low Dat Pro Fac Fac Ext Cet Arc Hub Machines Accessed 48 | . 2 2 1 17 . . 4 . 9 5 6 1 . 1 Terminals 31 | . 2 2 1 10 . . . . 4 4 6 1 . 1 Fabricators 7 | . . . . 3 . . . . 3 1 . . . . Repair Stations 3 | . . . . 1 . . . . 2 . . . . . Recycling Units 1 | . . . . 1 . . . . . . . . . . Scanalyzers . | . . . . . . . . . . . . . . . Garrison Access 2 | . . . . 2 . . . . . . . . . . Total Hacks 152 | . 5 9 2 36 . . 28 . 17 18 30 4 . 3 Successful 85 | . 1 2 1 19 . . 28 . 5 9 17 1 . 2 Failed 67 | . 4 7 1 17 . . . . 12 9 13 3 . 1 Catastrophic 9 | . 1 . . 2 . . . . 2 1 1 1 . 1 Database Lockouts . | . . . . . . . . . . . . . . . Manual 57 | . . 3 2 21 . . . . 5 14 11 1 . . Terminals 96 | . 5 9 2 21 . . . . 8 14 30 4 . 3 Fabricators 18 | . . . . 8 . . . . 6 4 . . . . Repair Stations 4 | . . . . 1 . . . . 3 . . . . . Recycling Units 2 | . . . . 2 . . . . . . . . . . Scanalyzers . | . . . . . . . . . . . . . . . Garrison Access 4 | . . . . 4 . . . . . . . . . . Terminal Hacks 59 | . 1 1 . 7 . . 28 . 1 5 13 1 . 2 Record 11 | . . . . . . . 11 . . . . . . . Part Schematic 12 | . . . . 1 . . 9 . . 1 1 . . . Robot Schematic 5 | . . . . . . . 5 . . . . . . . Robot Analysis 6 | . . . . . . . . . . 1 3 . . 2 Prototype ID Bank 7 | . 1 1 . . . . 3 . . . 2 . . . Open Door 1 | . . . . . . . . . . . . 1 . . Branch Access Points 3 | . . . . 1 . . . . . 1 1 . . . Alert Level 4 | . . . . 1 . . . . . 1 2 . . . Unreport Threat 2 | . . . . . . . . . . . 2 . . . Recall Investigation 2 | . . . . 1 . . . . 1 . . . . . Hauler Manifests 1 | . . . . 1 . . . . . . . . . . Registered Components 2 | . . . . 1 . . . . . 1 . . . . Registered Prototypes 1 | . . . . . . . . . . . 1 . . . Zone Layout 2 | . . . . 1 . . . . . . 1 . . . Fabricator Hacks 7 | . . . . 4 . . . . 3 . . . . . Network Status 3 | . . . . 2 . . . . 1 . . . . . Load Schematic 2 | . . . . 1 . . . . 1 . . . . . Build 2 | . . . . 1 . . . . 1 . . . . . Repair Station Hacks . | . . . . . . . . . . . . . . . Recycling Unit Hacks . | . . . . . . . . . . . . . . . Scanalyzer . | . . . . . . . . . . . . . . . Garrison Access Hacks 1 | . . . . 1 . . . . . . . . . . Seal Access 1 | . . . . 1 . . . . . . . . . . Unauthorized Hacks 18 | . . 1 1 7 . . . . 1 4 4 . . . Terminals 13 | . . 1 1 5 . . . . . 2 4 . . . Assimilate 1 | . . . . 1 . . . . . . . . . . Botnet 12 | . . 1 1 4 . . . . . 2 4 . . . Fabricators 4 | . . . . 2 . . . . . 2 . . . . Liberate 2 | . . . . 1 . . . . . 1 . . . . Fabnet 2 | . . . . 1 . . . . . 1 . . . . Repair Stations 1 | . . . . . . . . . 1 . . . . . Patch 1 | . . . . . . . . . 1 . . . . . Recycling Units . | . . . . . . . . . . . . . . . Scanalyzers . | . . . . . . . . . . . . . . . Garrison Access . | . . . . . . . . . . . . . . . Data Cores Recovered 1 | . . . . . . . . . . 1 . . . . Used 1 | . . . . . . . . . . 1 . . . . Hacking Detections 43 | . 2 2 1 16 . . . . 9 5 6 1 . 1 Full Trace Events 4 | . . . . 2 . . . . 2 . . . . . Feedback Events . | . . . . . . . . . . . . . . . Feedback Blocked . | . . . . . . . . . . . . . . . Robot Schematics Acquired 5 | . . . . . . . 5 . . . . . . . Robots Built . | . . . . . . . . . . . . . . . Authchips . | . . . . . . . . . . . . . . . Time . | . . . . . . . . . . . . . . . Total Robot Build Rating . | . . . . . . . . . . . . . . . Part Schematics Acquired 12 | . . . . 1 . . 9 . . 1 1 . . . Parts Built 3 | . . . . 2 . . . . 1 . . . . . Authchips . | . . . . . . . . . . . . . . . Time 129 | . . . . 53 . . . . 76 . . . . . Total Part Build Rating 17 | . . . . 12 . . . . 5 . . . . . Parts Repaired . | . . . . . . . . . . . . . . . Time . | . . . . . . . . . . . . . . . Parts Recycled . | . . . . . . . . . . . . . . . Recycled Matter . | . . . . . . . . . . . . . . . Retrieved Matter . | . . . . . . . . . . . . . . . Retrieved Components . | . . . . . . . . . . . . . . . Parts Scanalyzed . | . . . . . . . . . . . . . . . Part Schematics Acquired . | . . . . . . . . . . . . . . . Parts Damaged . | . . . . . . . . . . . . . . . Bothacking | -11 -10 -9 -8 -7 -7 -7 -7 -6 -6 -5 -5 -5 -5 -5 ------------ Run | Yrd Mat Mat Mat Fac Low Low Dat Pro Fac Fac Ext Cet Arc Hub Used RIF Installer . | . . . . . . . . . . . . . . . Robots Hacked . | . . . . . . . . . . . . . . . Non-combat . | . . . . . . . . . . . . . . . Combat . | . . . . . . . . . . . . . . . Robot Hacks Applied . | . . . . . . . . . . . . . . . Relay Couplers Released . | . . . . . . . . . . . . . . . Fabnet Peak Effective % 3 | . . . . . . . . 3 3 1 1 1 1 1 Robots Rewired 11 | . . . . . . . . . . . 11 . . . Allies Hacked . | . . . . . . . . . . . . . . . Hacks Repelled . | . . . . . . . . . . . . . . . Allies | -11 -10 -9 -8 -7 -7 -7 -7 -6 -6 -5 -5 -5 -5 -5 -------- Run | Yrd Mat Mat Mat Fac Low Low Dat Pro Fac Fac Ext Cet Arc Hub Total Allies 36 | . . . . 1 . . . . . . 30 5 . . Largest Group 16 | . . . . 1 . . . . . . 16 16 15 5 Highest-Rated Group 943 | . . . . 26 . . . . . . 613 943 903 218 Highest-Rated Ally 159 | . . . . 26 . . . . . . 159 159 153 96 Total Orders . | . . . . . . . . . . . . . . . Ally Attacks 293 | . . . . . . . . . . . 123 103 54 13 Total Damage 7796 | . . . . . . . . . . . 2832 2534 1994 436 Kills 48 | . . . . . . . . . . . 27 13 8 . Allies Corrupted . | . . . . . . . . . . . . . . . Allies Melted 1 | . . . . . . . . . . . . . . 1 Intel | -11 -10 -9 -8 -7 -7 -7 -7 -6 -6 -5 -5 -5 -5 -5 ------- Run | Yrd Mat Mat Mat Fac Low Low Dat Pro Fac Fac Ext Cet Arc Hub Robot Analysis Total 6 | . . . . . . . . . . 1 3 . . 2 Derelict Logs Recovered 3 | . . . . . 1 1 . 1 . . . . . . Drone Launches . | . . . . . . . . . . . . . . . Drone Recoveries . | . . . . . . . . . . . . . . . Exploration | -11 -10 -9 -8 -7 -7 -7 -7 -6 -6 -5 -5 -5 -5 -5 ------------- Run | Yrd Mat Mat Mat Fac Low Low Dat Pro Fac Fac Ext Cet Arc Hub Turns Passed 6307 | 87 542 751 930 699 90 41 21 69 437 168 1280 387 474 331 Spaces Moved 7777 | 48 194 330 412 1966 328 149 78 206 1127 581 1306 171 450 431 Core 32 | 5 . . . . . . . . . . 27 . . . Treads 975 | 43 194 326 412 . . . . . . . . . . . Legs 345 | . . . . . . . . . . . 170 171 4 . Wheels 4 | . . 4 . . . . . . . . . . . . Hover 877 | . . . . . . . . . . . . . 446 431 Flight 5544 | . . . . 1966 328 149 78 206 1127 581 1109 . . . Fastest Speed 21 | 50 160 155 160 23 27 27 27 27 21 21 21 120 44 40 Average Speed 53 | 148 233 186 160 25 27 27 27 27 21 21 43 120 77 42 Slowest Speed 240 | 160 240 240 160 105 27 27 27 27 25 25 200 120 120 56 Overloaded Moves . | . . . . . . . . . . . . . . . Propulsion Burnouts . | . . . . . . . . . . . . . . . Robots Hopped 29 | . . . . 3 1 . . 1 . 7 17 . . . Cave-ins Triggered . | . . . . . . . . . . . . . . . Exploration Rate (%) 45 | 4 30 36 33 43 63 38 68 41 31 21 86 66 98 21 Regions Visited 14 Branch Regions 8 Pre-discovered Areas 2 | . . . . . . . 1 1 . . . . . . Known Exits Taken 10 | . . . . 1 1 1 1 1 1 1 1 1 1 . Unknown Exits Taken 4 | 1 1 1 1 . . . . . . . . . . . Scrap Searched 4 | . . . . . 2 2 . . . . . . . . Spaces Dug 30 | . . . . 13 . . . . 10 2 . . . 5 Terrain Destroyed 345 | . 24 . 82 52 . . . . 10 2 117 . . 58 Melee 22 | . . . . 5 . . . . 10 2 . . . 5 Projectile . | . . . . . . . . . . . . . . . AOE 323 | . 24 . 82 47 . . . . . . 117 . . 53 Terrain Rammed . | . . . . . . . . . . . . . . . Walls Destroyed . | . . . . . . . . . . . . . . . Machines Disabled . | . . . . . . . . . . . . . . . Actions | -11 -10 -9 -8 -7 -7 -7 -7 -6 -6 -5 -5 -5 -5 -5 --------- Run | Yrd Mat Mat Mat Fac Low Low Dat Pro Fac Fac Ext Cet Arc Hub Total 9355 | 61 236 414 541 2115 327 150 77 217 1303 602 1888 353 532 539 Wait 976 | . 4 14 25 53 1 . . 13 144 5 425 183 31 78 Move 7711 | 47 193 329 411 1959 325 148 77 203 1126 566 1277 170 449 431 Hop 23 | . . . . 3 1 . . 1 . 7 11 . . . Pick Up 61 | 7 9 13 6 8 . 1 . . 6 2 3 . 5 1 Fast Attach 30 | 5 1 . 3 1 . . . . 2 . 11 . 6 1 Attach 29 | 1 . 5 . 10 . . . . 3 3 4 . 2 1 Detach 10 | . 1 1 . 2 . . . . 1 . 3 . 2 . Swap 56 | 1 2 8 13 16 . . . . 2 3 5 . 5 1 Drop 51 | . . 12 9 18 . 1 . . 6 . . . 4 1 Fire 155 | . 26 30 74 11 . . . . . . 8 . . 6 Melee 164 | . . . . 34 . . . . 13 8 62 . 28 19 Ram . | . . . . . . . . . . . . . . . Kick . | . . . . . . . . . . . . . . . Crush 2 | . . 2 . . . . . . . . . . . . Escape Stasis 44 | . . . . . . . . . . 8 36 . . . Rewire 43 | . . . . . . . . . . . 43 . . . Trap . | . . . . . . . . . . . . . . . Miscellaneous . | . . . . . . . . . . . . . . . Route ------- -11/Scrapyard -10/Materials -9/Materials (discovered 2 exits: *Mat / [*Min]) -8/Materials -7/Factory (discovered 6 exits: *Fac x2 / *Sto x2 / *Low x2) -7/Lower Caves -7/Lower Caves -7/Data Miner -6/Proximity Caves -6/Factory (discovered 3 exits: *Fac x2 / Low) -5/Factory (discovered 4 exits: Upp x2 / *Ext x2) -5/Extension (discovered 3 exits: [*Fac x2] / *Cet) -5/Cetus (discovered 2 exits: [*Fac] / *Arc) -5/Archives (discovered 3 exits: [*Fac] / *Hub x2) -5/Hub_04(d) History --------- Turn | Location | Event 3 | -11/Scrapyard | Discovered new exit (range 15) 88 | -11/Scrapyard | Entered Materials 306 | -10/Materials | Build established: Mutant 427 | -10/Materials | Discovered new exit (range 5) 630 | -10/Materials | Entered another Materials area 630 | -9/Materials | Evolved 2 slots: Propulsion x1, Utility x1 867 | -9/Materials | Discovered new exit (range 5) 1333 | -9/Materials | Discovered new exit (range 16) 1381 | -9/Materials | Entered another Materials area 1381 | -8/Materials | Evolved 2 slots: Propulsion x1, Utility x1 1664 | -8/Materials | Garrison activated, responded to threat 1845 | -8/Materials | Discovered new exit (range 16) 2252 | -8/Materials | Lost 3 parts (1p1n1u) 2311 | -8/Materials | Entered Factory 2311 | -7/Factory | Evolved 2 slots: Propulsion x1, Utility x1 2538 | -7/Factory | Discovered new exit (range 9) 2540 | -7/Factory | Identified exit to Factory 2627 | -7/Factory | Discovered exit to Factory (range 16) 2715 | -7/Factory | Discovered new exit (range 8) 2717 | -7/Factory | Identified exit to Storage 2729 | -7/Factory | Identified exit to Lower Caves 2879 | -7/Factory | Fabricated Field Propulsion Drive (x2) 2879 | -7/Factory | Build established: Hacker-Sprinter 3010 | -7/Factory | Entered Lower Caves 3095 | -7/Lower Caves | Discovered new exit (range 4) 3096 | -7/Lower Caves | Identified exit to Lower Caves 3098 | -7/Lower Caves | Learned Factory stockpile data 3100 | -7/Lower Caves | Entered another Lower Caves area 3101 | -7/Lower Caves | Encountered a Warlord checkpoint 3137 | -7/Lower Caves | Discovered new exit (range 15) 3140 | -7/Lower Caves | Learned 12 Factory zone layouts 3141 | -7/Lower Caves | Identified exit to Data Miner 3141 | -7/Lower Caves | Entered Data Miner 3141 | -7/Data Miner | Discovered new exit (range 6) 3147 | -7/Data Miner | Met Data Miner 3154 | -7/Data Miner | Learned location of Section 7 (-3) 3154 | -7/Data Miner | Acquired the access code to Warlord's prototype stash 3156 | -7/Data Miner | Received God Mode back door access code from Data Miner 3162 | -7/Data Miner | Identified exit to Proximity Caves 3162 | -7/Data Miner | Entered Proximity Caves 3164 | -6/Proximity Caves | Attracted the attention of an 0b10 checkpoint 3196 | -6/Proximity Caves | Learned location of Extension (-5) 3228 | -6/Proximity Caves | Discovered exit to Factory (range 11) 3231 | -6/Proximity Caves | Entered Factory 3231 | -6/Factory | Evolved 2 slots: Power x1, Propulsion x1 3232 | -6/Factory | Identified exit to Factory 3232 | -6/Factory | Identified exit to Lower Caves 3374 | -6/Factory | Fabricated Cld. Cesium-ion Thruster? 3536 | -6/Factory | Spotted B-75 Beast 3607 | -6/Factory | Found Prototype Launcher 3607 | -6/Factory | Identified Scatter Rocket Array 3668 | -6/Factory | Entered another Factory area 3668 | -5/Factory | Evolved 2 slots: Utility x2 3676 | -5/Factory | Identified exit to Upper Caves 3676 | -5/Factory | Identified exit to Extension 3836 | -5/Factory | Entered Extension 3912 | -5/Extension | Rescued a captive Derelict 3919 | -5/Extension | Rescued a captive Derelict 4080 | -5/Extension | Lost 3 parts (1p2n) 4110 | -5/Extension | Rescued a captive Derelict 4120 | -5/Extension | P-70 Sage assimilated allied UG-AU8(l) 4140 | -5/Extension | Rescued a captive Derelict 4141 | -5/Extension | Rescued a captive Derelict 4163 | -5/Extension | Lost 3 parts (1p1n1u) 4204 | -5/Extension | Identified exit to Cetus 4212 | -5/Extension | Rescued a captive Derelict 4213 | -5/Extension | Rescued a captive Derelict 4217 | -5/Extension | Rescued a captive Derelict 4217 | -5/Extension | Rescued a captive Derelict 4221 | -5/Extension | Rescued a captive Derelict 4222 | -5/Extension | Rescued a captive Derelict 4254 | -5/Extension | Rescued a captive Derelict 4255 | -5/Extension | Rescued a captive Derelict 4472 | -5/Extension | Spotted B-75 Beast 4512 | -5/Extension | Allies destroyed B-75 Beast 4519 | -5/Extension | Spotted B-75 Beast 4551 | -5/Extension | Lost 3 parts (1p2n) 4567 | -5/Extension | Allies destroyed B-75 Beast 4574 | -5/Extension | Discovered new exit (range 5) 4581 | -5/Extension | Lost 6 allies 4698 | -5/Extension | Rescued a captive Derelict 4708 | -5/Extension | Core integrity fell below 50% 4746 | -5/Extension | Rescued a captive Derelict 4787 | -5/Extension | Rescued A7 4801 | -5/Extension | Rescued a captive Derelict 4807 | -5/Extension | Lost 3 parts (2n1u) 4839 | -5/Extension | Rescued a captive Derelict 4866 | -5/Extension | Rescued a captive Derelict 4996 | -5/Extension | Build established: Commander-Mutant 5051 | -5/Extension | Discovered new exit (range 12) 5116 | -5/Extension | Entered Cetus 5116 | -5/Cetus | Accompanied by 16 allies (A7) 5121 | -5/Cetus | Acquired a Cetus Manufacturing Module code from A7 5146 | -5/Cetus | Spotted Cetus Guard 5146 | -5/Cetus | Spotted Cetus Guard 5156 | -5/Cetus | Spotted Cetus Guard 5156 | -5/Cetus | Spotted Cetus Guard 5160 | -5/Cetus | Allies destroyed Cetus Guard 5165 | -5/Cetus | Allies destroyed Cetus Guard 5171 | -5/Cetus | Allies destroyed Cetus Guard 5223 | -5/Cetus | Started Cetus Manufacturing Module 5228 | -5/Cetus | Lost 5 allies 5233 | -5/Cetus | Escorted A7 to Cetus Mainframe 5248 | -5/Cetus | Manufactured an Enhanced Grunt 5273 | -5/Cetus | Manufactured an Enhanced Grunt 5298 | -5/Cetus | Manufactured an Enhanced Grunt 5323 | -5/Cetus | Manufactured an Enhanced Grunt 5348 | -5/Cetus | Manufactured an Enhanced Grunt 5389 | -5/Cetus | Discovered new exit (range 16) 5410 | -5/Cetus | Spotted Cetus Guard 5410 | -5/Cetus | Spotted Cetus Guard 5419 | -5/Cetus | Spotted Cetus Guard 5420 | -5/Cetus | Allies destroyed Cetus Guard 5421 | -5/Cetus | Spotted Cetus Guard 5434 | -5/Cetus | Allies destroyed Cetus Guard 5435 | -5/Cetus | Allies destroyed Cetus Guard 5436 | -5/Cetus | Allies destroyed Cetus Guard 5445 | -5/Cetus | Discovered new exit (range 16) 5452 | -5/Cetus | Met Revision 17 5489 | -5/Cetus | Identified exit to Archives 5503 | -5/Cetus | Entered Archives 5503 | -5/Archives | Accompanied by 15 allies (A7) 5508 | -5/Archives | Received a hacking code to weaken MAIN.C 5587 | -5/Archives | Lost 9 allies 5613 | -5/Archives | Discovered new exit (range 13) 5655 | -5/Archives | Discovered new exit (range 16) 5815 | -5/Archives | Discovered new exit (range 16) 5956 | -5/Archives | Identified exit to Hub_04(d) 5977 | -5/Archives | Entered Hub_04(d) 5977 | -5/Hub_04(d) | Accompanied by 5 allies 6015 | -5/Hub_04(d) | Spotted B-75 Beast 6136 | -5/Hub_04(d) | Build established: Hacker-Mutant 6258 | -5/Hub_04(d) | Core integrity fell below 20% 6308 | -5/Hub_04(d) | Destroyed self with Long-range Missile Launcher Last Messages --------------- 06272_ Gravmag System destroyed. 06283_ Control Node disabled. 06286_ Lgt. Angular Momentum Engine destroyed. 06294_ P-70 Sage destroyed. 06294_ Hover Unit destroyed. 06294_ Destroyed Hover Unit. 06297_ The unstable cave ceiling collapses. 06297_ Imp. Grenade Launcher destroyed. 06297_ Destroyed Imp. Grenade Launcher. 06302_ Imp. Sensor Array destroyed. 06302_ Destroyed Tesla Rifle. 06302_ Destroyed Mic. Fission Core. 06302_ Imp. Hover Unit destroyed. 06302_ Destroyed Imp. Hover Unit. 06305_ The unstable cave ceiling collapses. 06305_ Destroyed Imp. Remote Datajack. 06306_ The unstable cave ceiling collapses. 06308_ P-70 Sage destroyed. 06308_ Lrn. Missile Launcher destroyed. 06308_ Destroyed Lrn. Missile Launcher. Map ----- +----------------------------------------------------+ | ?????????????????????????????????????????????????? | | ?????????????????????????????????????????????????? | | ?????????????????????????????????????????????????? | | ?????????????????????????????????????????????????? | | ?????????????????????????????????????????????????? | | ?????????????????????????????????????????????????? | | ?????????????????????????????????????????????????? | | ?????????????????????????????????????????????????? | | ?????????????????????????????????????????????????? | | ?????????????????????????????????????????????????? | | ?????????????????????????????????????????????????? | | ?????????????##??????????????????????????????????? | | ?????????????#"#########?????????????????????????? | | ??????????????# #?????????????????????????? | | ??????????????# " " #?????????????????????????? | | ??????????????# " " #?????????????????????????? | | ??????????????# " " #?????????????????????????? | | ??????????????# #?????????????????????????? | | ??????????????# " " " ##????????????????????????? | | ??????????????# " " " ##??????????????????????? | | ??????????????# " ! #??????????????????????? | | ????????????### #??????????????????????? | | ????????????#;## ######################## | | ?????????????# R | | ????????????## | | ????????????#; @ R | | ????????????#"## ###+########### ####"# | | ????????????##?## ## #???# #?# | | ???????????????## ## ! #???# #?# "" | | ????????????????### ######## """" #???# #?# "" | | ??????????????????#????????# """" #???# #?# "" | | ???????????????????????????# """" #???# #?# "" | | ???????????????????????????# """" %#???# #?# | | ???????????????????????????# #???# #?# | | ???????????????????????????# #???# %#?#### | | ???????????????????????????# #???# #????# | | ???????????????????????????########+##### ###### | | ???????????????????????????????# # % | | ???????????????????????????????# """ # %###### | | ???????????????????????????????# # #????? | | ???????????????????????????????# """ # #????" | | ???????????????????????????????# + #??? | | ???????????????????????????????# """ # #?? "" | | ???????????????????????????????# # #? | | ???????????????????????????????# """ # # ? "" | | ???????????????????????????????# # #? | | ???????????????????????????????#######/## #????" | | ?????????????????????????????????????# #???? | | ????????????????????????????#"???????# ##+##/ | | ???????????????????????# #"T"###### | +----------------------------------------------------+ Best States ------------- Heat Dissipation 59 Energy Generation 32 Energy Capacity 525 Matter Stores 300 Matter Capacity 300 Sight Range 16 Robot Scan Range 15 Terrain Scan Density 10 Armor Coverage 375 Resistance: KI 25 Melee Speed Boost 20 Evasion (%) 65 Recoil Reduction 4 Offensive Hacking 36 Defensive Hacking 24 Item Schematics ----------------- Imp. Sensor Array | -7/Factory | Hacked Combat Drone Bay | -7/Data Miner | Free Lgt. Regenerative Plating | -7/Data Miner | Free Cld. Cesium-ion Thruster | -7/Data Miner | Free Gravity Neutralizer | -7/Data Miner | Free Force Rifle | -7/Data Miner | Free Linear Gravjet | -7/Data Miner | Free Recoil Nullifier | -7/Data Miner | Free Lrn. Proton Cannon | -7/Data Miner | Free Hardcell Cannon | -7/Data Miner | Free Adv. Hacking Suite | -5/Factory | Hacked Q-thruster | -5/Extension | Hacked Robot Schematics ------------------ O-24 Administrator | -7/Data Miner | Free L-41 Fighter | -7/Data Miner | Free S-27 Virus | -7/Data Miner | Free B-48 Gladiator | -7/Data Miner | Free P-60 Hacker | -7/Data Miner | Free Fabricated ------------ Field Propulsion Drive | x2 | -7/Factory | Preloaded Cld. Cesium-ion Thruster | x1 | -6/Factory Alien Tech Used ----------------- None Achievements -------------- None Challenges ------------ None Game ------ Seed DroneThrowingSteel Manual? 0 Play Time 01:28:38 Cumulative 136.2 hours Start 2025.01.14 @ 21:32:42 End 2025.01.14 @ 23:18:39 Sessions 1 Manual Loads 0 Difficulty Rogue Special Mode None Game No. 117 Rogue 117 Adventurer 0 Explorer 0 Win Type - Total 3 Types 1/0/1/1/0/0/0/0/0 Lore% 67 Gallery% 56 Achievement% 53 Wizard Run 0 Options --------- Layout 1 ASCII 0 Keyboard 1 Movement Arrows Keybinds 0 Fullscreen 2 Font 24/Smallcaps Map View 50x35 Zoom Use 0% Tactical HUD 1 Map Filters NONE Filters NONE Steam 1 RUN: d3496d42-7a09-411f-b223-9a7e3094daf0